 Dungeon Crawl Stone Soup version 0.18.0-1-g0107ab7 (webtiles) character file.

1208 varam the Ruffian (level 8, 0/75 HPs)
             Began as a Troll Transmuter on May 5, 2016.
             Succumbed to a water moccasin's poison
             ... on level 5 of the Dungeon.
             The game lasted 00:16:04 (3136 turns).

varam the Ruffian (Troll Transmuter)                Turns: 3136, Time: 00:16:04

Health: 0/75       AC:  2    Str: 17 (19) XL:     8   Next: 21%
Magic:  4/10       EV: 20    Int:  6 (9)  God:
Gold:   195        SH:  0    Dex: 13 (15) Spells: 3 memorised, 6 levels left

rFire  x . .     SeeInvis .       - Unarmed
rCold  + . .     Gourm    +     (armour currently unavailable)
rNeg   . . .     Faith    .     (shield currently unavailable)
rPois  x         Spirit   .     (helmet currently unavailable)
rElec  .         Dismiss  .     (cloak currently unavailable)
rCorr  .         Reflect  .     (gloves unavailable)
SustAt .         Harm     .     (boots unavailable)
MR     .....                    (no amulet)
Stlth  +.........               (no ring)
                                k - ring of ice

@: lethally poisoned (0 -> -6), spider-form (expiring), not resistant to hostile
enchantments, very unstealthy
A: unfitting armour, (claws 0), clumsy 1, fast metabolism 3, gourmand,
regeneration 2, (shaggy fur 0), (tough skin 0), subdued magic 2
a: End Transformation


You were on level 5 of the Dungeon.
You were full.
You were a venomous arachnid creature.
You visited 2 branches of the dungeon, and saw 6 of its levels.
You also visited: Ossuary.

You collected 195 gold pieces.

Inventory:

Missiles
 a - 26 arrows
Armour
 b - a +0 robe (melded)
Jewellery
 k - a ring of ice (left front leg)
 m - a +5 amulet of reflection {unknown}
 y - an uncursed ring of flight {unknown}
 z - an uncursed amulet of guardian spirit {unknown}
Scrolls
 e - 3 scrolls of enchant weapon {unknown}
 h - 8 scrolls of identify {unknown}
 l - 2 scrolls of noise {unknown}
 o - a scroll of magic mapping {unknown}
 q - a scroll of blinking {unknown}
 w - 2 scrolls of remove curse {unknown}
 x - a scroll of fog {unknown}
Potions
 g - a potion of brilliance
 p - a potion of flight
 u - 2 potions of haste
Books
 c - a book of Changes

   Spells                             Type                      Level
   a - Beastly Appendage              Transmutation                1
   b - Sticks to Snakes               Transmutation                2
   c - Spider Form                    Transmutation/Poison         3
   d - Ice Form                       Ice/Transmutation            4
   e - Blade Hands                    Transmutation                5
 j - a book of Misfortune

   Spells                             Type                      Level
   a - Confusing Touch                Hexes                        2
   b - Confuse                        Hexes                        3
   c - Gell's Gravitas                Hexes/Translocation          3
   d - Petrify                        Transmutation/Earth          4
   e - Metabolic Englaciation         Hexes/Ice                    5
   f - Yara's Violent Unravelling     Hexes/Transmutation          5
Comestibles
 d - 7 bread rations
 f - 2 meat rations
 i - a beef jerky
 n - 2 royal jellies
 s - a slice of pizza
 A - 2 chunks of flesh


   Skills:
 - Level 3.0 Fighting
 - Level 3.3 Dodging
 + Level 7.2 Unarmed Combat
 - Level 2.5 Spellcasting
 - Level 3.0 Transmutations


You had 6 spell levels left.
You knew the following spells:

 Your Spells              Type           Power        Failure   Level  Hunger
a - Beastly Appendage     Trmt           #.....       21%         1    ##.....
b - Sticks to Snakes      Trmt           #.......     28%         2    ###....
c - Spider Form           Trmt/Pois      #.........   80%         3    ####...


Dungeon Overview and Level Annotations

Branches:
Dungeon (5/15)             Temple (1/1) D:4

Altars:
Ashenzari
Cheibriados
Dithmenos
Gozag
Kikubaaqudgha
Makhleb
Okawaru
Pakellas
Qazlal
Ru
Sif Muna
Trog
Vehumet
Xom
Yredelemnul
Zin
The Shining One

Annotations:
D:4 Wooh's ghost, amateur DrFi
D:5 Pikel


Innate Abilities, Weirdness & Mutations

You are too large for most types of armour.
((You have claws for hands.))
Your metabolism is lightning-fast.
You like to eat raw meat.
You heal very quickly.
((You are covered in fur (AC +1).))
((You have very tough skin (AC +2).))
You are clumsy. (Dex -2)
Your spells are easier to cast, but less powerful.


Message History

You feel sick.
You continue eating.
* * * LOW HITPOINT WARNING * * *
You feel sick.
You continue eating.
* * * LOW HITPOINT WARNING * * *
You feel sick.
Drink which item? (? for menu, Esc to quit)
Okay, then.
Read which item? (? for menu, Esc to quit)
Okay, then.
Casting: Beastly Appendage
Confirm with . or Enter, or press ? or * to list all spells.
You turn into a venomous arachnid creature.
Your +0 robe melds into your body.
* * * LOW HITPOINT WARNING * * *
You feel sick.
* * * LOW HITPOINT WARNING * * *
You feel sick.
You die...

###########
#.........#
#.#######)#
.######.# #.#
........#######.#
..≈≈≈≈≈....s.##.#
##≈###≈.####.##.#
# +..# #.##.#
#≈.. #.##.# ≈≈#)
#.##.# ### .#
#.##.### #.#
#.##...# #.#
#.##.#.### #.#
#........#


There were no monsters in sight!

Vanquished Creatures
  Grinder (D:3)
  Sigmund (D:2)
  Duvessa (D:5)
  A water moccasin (D:5)
  An ice beast (D:5)
  4 slaves
  An ogre (D:4)
  Blork the orc (D:5)
  A giant frog (D:3)
  Dowan (D:5)
  A howler monkey (D:3)
  A hound (D:3)
  A jelly (D:3)
  An orc wizard (D:3)
  An iguana (D:5)
  Terence (D:3)
  3 adders
  2 oozes (D:1)
  3 worms
  A dart slug (D:1)
  4 giant geckos
  2 orcs (D:3)
  7 bats
  6 giant cockroaches
  4 goblins
  9 hobgoblins
  4 jackals
  6 kobolds
  A quokka (D:3)
  A giant newt (D:3)
  A quokka zombie (D:5)
  7 rats
  A rat zombie (D:5)
81 creatures vanquished.

Notes
Turn   | Place    | Note
--------------------------------------------------------------
     0 | D:1      | varam the Troll Transmuter began the quest for the Orb.
     0 | D:1      | Reached XP level 1. HP: 18/18 MP: 1/1
    29 | D:1      | Reached skill level 1 in Fighting
   191 | D:1      | Reached XP level 2. HP: 27/27 MP: 0/2
   444 | D:1      | Reached XP level 3. HP: 32/33 MP: 1/3
  1110 | D:2      | Noticed Sigmund
  1113 | D:3      | Noticed a giant frog
  1121 | D:3      | Noticed Grinder
  1121 | D:3      | Killed a giant frog
  1121 | D:3      | Reached skill level 4 in Unarmed Combat
  1121 | D:3      | Reached XP level 4. HP: 39/42 MP: 2/4
  1136 | D:3      | Killed Grinder
  1136 | D:3      | Reached XP level 5. HP: 29/52 MP: 1/5
  1136 | D:3      | Reached XP level 6. HP: 33/59 MP: 1/6
  1310 | D:3      | Noticed Terence
  1441 | D:3      | Killed Terence
  1517 | D:3      | Learned a level 2 spell: Sticks to Snakes
  1521 | D:3      | Learned a level 3 spell: Spider Form
  1799 | D:3      | Found a shattered altar of Ashenzari.
  2008 | D:2      | Killed Sigmund
  2008 | D:2      | Reached XP level 7. HP: 64/67 MP: 6/9
  2342 | D:4      | Found a staircase to the Ecumenical Temple.
  2350 | Temple   | Entered the Ecumenical Temple
  2497 | D:4      | Reached skill level 5 in Unarmed Combat
  2515 | D:4      | Found a basalt altar of Yredelemnul.
  2560 | D:4      | Noticed Wooh's ghost (amateur DrFi)
  2636 | D:5      | Entered Level 5 of the Dungeon
  2643 | D:5      | Found a snail-covered altar of Cheibriados.
  2643 | D:5      | Found a sacrificial altar of Ru.
  2644 | D:5      | Found a radiant altar of Vehumet.
  2732 | D:5      | Noticed Pikel
  2918 | D:5      | Noticed Blork the orc
  2929 | D:5      | Killed Blork the orc
  2948 | D:5      | Reached skill level 6 in Unarmed Combat
  2967 | D:5      | Noticed Dowan
  2968 | D:5      | Noticed Duvessa
  2990 | D:5      | Killed Duvessa
  2990 | D:5      | Reached XP level 8. HP: 66/75 MP: 3/10
  3003 | D:5      | Killed Dowan
  3020 | D:5      | Found a sand-covered staircase.
  3051 | Ossuary  | Entered an ossuary
  3051 | Ossuary  | Noticed graki42's ghost (novice DEFE)
  3122 | D:5      | Reached skill level 7 in Unarmed Combat
  3130 | D:5      | Gained mutation: Your spells are a little easier to cast, but a little less powerful. [potion of mutation]
  3130 | D:5      | Gained mutation: You are clumsy. (Dex -2) [potion of mutation]
  3130 | D:5      | Gained mutation: Your spells are easier to cast, but less powerful. [potion of mutation]
  3133 | D:5      | HP: 3/75 [poisoned by a water moccasin]
  3135 | D:5      | HP: 1/75 [poisoned by a water moccasin]
  3136 | D:5      | Succumbed to a water moccasin's poison

Skill      XL: |  1  2  3  4  5  6  7  8 |
---------------+-------------------------+-----
Fighting       | 1 2 3 |  3.0
Dodging        | 2 3 |  3.3
Unarmed Combat | 4 6 7 |  7.2
Transmutations | 2 3 |  3.0
Spellcasting   | 2 |  2.5

Action                   |  1- 3 |  4- 6 |  7- 9 || total
-------------------------+-------+-------+-------++-------
Melee: Unarmed           |    75 |    62 |    98 ||   235
       Headbutt          |     2 |     6 |     8 ||    16
       Kick              |     1 |     2 |     1 ||     4
       Punch             |       |     1 |     1 ||     2
 Cast: Beastly Appendage |    17 |    15 |    14 ||    46
       Spider Form       |       |       |     5 ||     5
  Use: Potion            |       |       |     6 ||     6
 Stab: Sleeping          |       |       |     1 ||     1
  Eat: Chunk             |    17 |     8 |    10 ||    35
Armor: Robe              |    32 |    16 |    22 ||    70
Dodge: Dodged            |    32 |    33 |    60 ||   125
